AoeStats
← redpanda

Arabia

507419470Analyzed
1v1 RM · 15d ago on Sep 18, 2026· 48m 21s· 2 players
Game mode
Random Map
Map size
Tiny (2 player)
Population
200
Speed
Normal
Resources
Standard
Victory
Conquest
Starting age
Dark Age
Ending age
Imperial Age
RankedLock teamsTeams togetherTeam positionsShared explorationLock speedFull tech treeHidden civsTurbo modeCheats
Victory
Defeat
🇹🇼 Cumans · Taiwan
747
+13
🇺🇸 Britons · United States
687
-25
redpanda
6:16 Loom
11:30 Feudal Age
12:03 Double-Bit Axe
12:00 Horse Collar
17:19 Wheelbarrow
17:01 Gold Mining
17:37 Fletching
19:36 Scale Mail Armor
20:23 Forging
22:29 Padded Archer Armor
24:33 Castle Age
23:44 Scale Barding Armor
23:54 Stone Mining
26:16 Gold Shaft Mining
26:14 Husbandry
25:39 Light Cavalry
26:21 Pikeman
35:34 Chain Mail Armor
39:13 Iron Casting
39:41 Bow Saw
41:49 Heavy Plow
43:17 Chain Barding Armor
46:02 Imperial Age
Alaulan
1:22 Loom
13:08 Feudal Age
17:38 Castle Age
17:25 Double-Bit Axe
17:35 Gold Mining
22:00 Elite Skirmisher
22:54 Bloodlines
27:40 Wheelbarrow
26:55 Town Watch
31:21 Hand Cart
32:28 Forging
36:02 Gold Shaft Mining
35:19 Stone Mining
35:24 Horse Collar
35:38 Fletching
36:32 Scale Barding Armor
40:06 Imperial Age
38:36 Bodkin Arrow
39:05 Ballistics
39:38 Murder Holes
40:44 Town Patrol
41:22 Iron Casting
43:27 Cavalier
46:04 Blast Furnace
45:32 Chain Barding Armor
Connection lost

Rejoining the realm…

Still unreachable

The connection could not be restored.

Session expired

The server has moved on; the page needs a fresh start.